AoeStats
← I love Activision

African Clearing

510737719Analyzed
4v4 RM · 13h ago on Oct 2, 2026· 41m 23s· 8 players
Game mode
Random Map
Map size
Large (8 player)
Population
200
Speed
Normal
Resources
Standard
Victory
Conquest
Starting age
Dark Age
Ending age
Imperial Age
RankedLock teamsTeams togetherTeam positionsShared explorationLock speedFull tech treeHidden civsTurbo modeCheats
Victory
Defeat
🇩🇪 Bohemians · Germany
1346
+15
🇦🇹 Vietnamese · Austria
1331
+16
🇹🇷 Mongols · Türkiye
1327
+16
🇩🇪 Saracens · Germany
1318
+16
🇦🇺 Saxons · Australia
1379
-18
🇦🇺 Romans · Australia
1336
-16
🇨🇳 Japanese · China
1300
-15
🇨🇳 Berbers · China
1294
-14
MrSchnitzel0682
10:20 Loom
12:36 Feudal Age
17:01 Castle Age
34:38 Town Watch
36:16 Horse Collar
36:24 Double-Bit Axe
37:37 Gold Mining
38:35 Wheelbarrow
38:22 Bow Saw
38:17 Fletching
38:32 Heavy Plow
39:10 Town Patrol
39:45 Bodkin Arrow
40:24 Ballistics
42:49 Imperial Age
41:07 Hand Cart
hafnfp13
14:09 Feudal Age
15:30 Loom
18:25 Castle Age
16:52 Double-Bit Axe
27:47 Bow Saw
32:49 Horse Collar
34:45 Heavy Plow
38:58 Imperial Age
37:12 Wheelbarrow
37:52 Gold Mining
37:53 Stone Mining
38:31 Hand Cart
38:48 Fletching
38:58 Padded Archer Armor
38:27 Crossbowman
39:13 Thumb Ring
39:34 Ballistics
40:39 Chemistry
39:12 Arbalester
40:29 Bodkin Arrow
40:49 Leather Archer Armor
DesFroschi
3:03 Loom
13:22 Feudal Age
16:51 Castle Age
14:48 Double-Bit Axe
17:52 Bow Saw
17:28 Horse Collar
18:26 Wheelbarrow
19:53 Heavy Plow
29:30 Hand Cart
30:57 Pikeman
31:37 Squires
31:23 Arson
31:51 Forging
31:41 Scale Mail Armor
34:58 Imperial Age
33:21 Coinage
33:01 Town Watch
34:19 Chemistry
33:29 Masonry
33:30 Fortified Wall
33:16 Murder Holes
34:11 Iron Casting
33:52 Chain Mail Armor
35:09 Wagenburg Tactics
35:11 Houfnice
35:17 Halberdier
37:00 Blast Furnace
36:30 Plate Mail Armor
36:23 Conscription
36:13 Siege Engineers
37:42 Two-Man Saw
36:26 Man-at-Arms
38:01 Long Swordsman
38:55 Two-Handed Swordsman
39:55 Champion
Exellence
5:01 Loom
13:21 Feudal Age
17:32 Castle Age
16:20 Double-Bit Axe
16:28 Fletching
17:14 Padded Archer Armor
17:21 Town Watch
18:42 Bodkin Arrow
又甘又刻荧定了
7:34 Loom
16:36 Feudal Age
18:04 Wheelbarrow
18:39 Double-Bit Axe
25:22 Castle Age
25:07 Horse Collar
26:01 Bloodlines
33:10 Scale Barding Armor
37:12 Hand Cart
38:09 Husbandry
38:03 Fletching
38:55 Kasbah
39:09 Heavy Plow
39:12 Gold Mining
44:08 Imperial Age
I love Activision
4:08 Loom
13:03 Feudal Age
14:58 Town Watch
15:01 Double-Bit Axe
17:33 Castle Age
18:26 Scale Mail Armor
18:44 Bow Saw
围家建筑工
11:00 Loom
15:49 Feudal Age
18:12 Horse Collar
21:27 Castle Age
19:48 Double-Bit Axe
20:47 Stone Mining
23:07 Heavy Plow
32:31 Gold Mining
38:22 Imperial Age
35:39 Town Watch
36:58 Wheelbarrow
37:32 Town Patrol
37:35 Scale Mail Armor
37:40 Scale Barding Armor
37:36 Padded Archer Armor
37:26 Fletching
38:06 Forging
39:44 Fortified Wall
40:52 Chain Mail Armor
i hate activision
3:31 Loom
13:46 Feudal Age
17:35 Castle Age
15:24 Double-Bit Axe
18:40 Bow Saw
23:30 Ballistics
26:14 Wheelbarrow
26:21 Gold Mining
Connection lost

Rejoining the realm…

Still unreachable

The connection could not be restored.

Session expired

The server has moved on; the page needs a fresh start.